General information
- name: BNet
- type: Ladder 1vs1/FFA
- host: Battle.net
- saver: 7.41
map: TirisfalGlades
- players: 2
- length: 25:20
- speed: Fast
- version: 1.26 W3XP
- replay type: Public
» download(70 KB)
Players
team 1 (winner)
7.41 (
pink | 61 APM | 1552 actions | 25:20)
9 Blademaster
3 Wind Walk
3 Critical Strike
1 Bladestorm
2 Mirror Image
» actions
| Assign group hotkey | 67 | |
| Basic commands | 45 | |
| Build / train | 91 | |
| ESC pressed | 2 | |
| Enter build submenu | 48 | |
| Enter hero's abilities submenu | 9 | |
| Give item / drop item | 2 | |
| Remove unit from queue | 1 | |
| Right click | 587 | |
| Select / deselect | 331 | |
| Select group hotkey | 209 | |
| Use ability | 160 | |
1552 total
» units
| Peon | 24 | |
| Wind Rider | 6 | |
| Troll Batrider | 23 | |
53 total
» upgrades
| Reinforced Defenses | 1 | |
| Liquid Fire | 1 | |
| Ranged Weapons | 1 | |
| Armor | 1 | |
4 total
» buildings
| Altar of Storms | 1 | |
| Orc Burrow | 4 | |
| Voodoo Lounge | 1 | |
| War Mill | 2 | |
| Stronghold | 1 | |
| Watch Tower | 26 | |
| Beastiary | 5 | |
| Great Hall | 3 | |
| Fortress | 1 | |
44 total
» build order
00:06 Altar of Storms
00:19 Orc Burrow
00:58 Voodoo Lounge
01:24 Orc Burrow
01:48 War Mill
03:19 Stronghold
03:33 Watch Tower
03:34 Watch Tower
03:41 Watch Tower
05:17 Watch Tower
05:18 Watch Tower
05:41 Beastiary
05:44 Beastiary
05:48 Orc Burrow
07:46 Orc Burrow
08:29 Great Hall
09:26 Watch Tower
09:27 Watch Tower
09:28 Watch Tower
09:30 Watch Tower
09:51 Watch Tower
09:54 Watch Tower
12:14 Fortress
12:59 Watch Tower
13:00 Watch Tower
13:00 Watch Tower
13:01 Watch Tower
13:02 Watch Tower
13:02 Watch Tower
14:12 Watch Tower
16:13 Beastiary
16:15 Beastiary
16:16 Beastiary
19:23 Watch Tower
19:23 Watch Tower
19:25 Watch Tower
19:25 Watch Tower
21:11 War Mill
22:40 Great Hall
22:59 Watch Tower
23:26 Great Hall
24:21 Watch Tower
24:21 Watch Tower
24:22 Watch Tower
» items
| Healing Salve | 3 | |
| Lesser Clarity Potion | 6 | |
| Boots of Speed | 1 | |
| Dust of Appearance | 1 | |
| Staff of Teleportation | 1 | |
| Potion of Healing | 4 | |
| Orb of Lightning | 1 | |
| Potion of Mana | 3 | |
20 total
team 2 (loser)
okeydokey (
blue | 45 APM | 1143 actions | 25:13)
4 Paladin
1 Divine Shield
2 Devotion Aura
1 Holy Light
1 Mountain King
1 Storm Bolt
» actions
| Basic commands | 1 | |
| Build / train | 61 | |
| Enter build submenu | 21 | |
| Enter hero's abilities submenu | 6 | |
| Give item / drop item | 2 | |
| Remove unit from queue | 2 | |
| Right click | 684 | |
| Select / deselect | 322 | |
| Use ability | 44 | |
1143 total
» units
| Peasant | 15 | |
| Gryphon Rider | 16 | |
| Dragonhawk Rider | 1 | |
32 total
» upgrades
| Masonry | 3 | |
| Lumber Harvesting | 2 | |
| Armor | 3 | |
| Swords | 3 | |
| Animal War Training | 1 | |
| Cloud | 1 | |
| Storm Hammers | 1 | |
14 total
» buildings
| Altar of Kings | 1 | |
| Lumber Mill | 1 | |
| Farm | 7 | |
| Scout Tower | 8 | |
| Guard Tower | 3 | |
| Keep | 1 | |
| Barracks | 1 | |
| Blacksmith | 1 | |
| Castle | 1 | |
| Gryphon Aviary | 3 | |
| Arcane Vault | 2 | |
29 total
» build order
00:09 Altar of Kings
00:14 Lumber Mill
00:20 Farm
00:49 Scout Tower
00:54 Farm
01:26 Scout Tower
01:42 Guard Tower
01:57 Guard Tower
03:02 Keep
03:07 Scout Tower
03:23 Scout Tower
03:34 Farm
03:48 Barracks
03:52 Guard Tower
03:56 Blacksmith
05:23 Castle
05:47 Farm
05:47 Farm
05:50 Farm
06:17 Gryphon Aviary
06:21 Gryphon Aviary
07:13 Scout Tower
07:14 Scout Tower
07:15 Scout Tower
09:11 Farm
16:18 Gryphon Aviary
17:41 Arcane Vault
19:30 Arcane Vault
» items
| Boots of Speed | 1 | |
| Scroll of Regeneration | 1 | |
2 total
Chat log
(04:43 / All) okeydokey: hey those were my boots
(05:34 / All) okeydokey: stop that!
(12:44 / All) okeydokey: gg
(12:47 / All) 7.41: leave
(12:48 / All) 7.41: noob
(12:48 / All) 7.41: leave
(12:49 / All) okeydokey: noob
(12:53 / All) 7.41: says the loser
(13:11 / All) okeydokey: i know, but i'm 0 and 2
(13:15 / All) 7.41: cry ur way home
(13:18 / All) 7.41: with your awful smurf account
(13:24 / All) 7.41: you talk too much for a noob anyway
(13:36 / All) okeydokey: so you must have a really shitty record
(13:42 / All) 7.41: "im 0 and 2" best excuse for calling someone a noob ever
(13:45 / All) 7.41: you dont even know about lossbotting lol
(13:51 / All) okeydokey: smurfin like a cowrd
(13:58 / All) 7.41: btw type /stats 7.41
(14:01 / All) 7.41: internet tough guy
(14:01 / All) 7.41: lol
(14:08 / All) okeydokey: i will
(14:10 / All) okeydokey: lol
(14:17 / All) 7.41: to see my "shitty record" lol
(14:24 / All) okeydokey: chicken shit smurfer
(14:28 / All) okeydokey: lol
(14:30 / All) 7.41: how is 37-31 a smurfer
(14:31 / All) 7.41: lmao
(14:38 / All) okeydokey: cowards smurf
(14:40 / All) 7.41: and why are you so angry over a game?
(14:40 / All) okeydokey: lol
(14:53 / All) okeydokey: you said leave
(14:59 / All) 7.41: yea to make you stay
(14:59 / All) okeydokey: it's very rude
(15:06 / All) 7.41: and cry more for me
(15:08 / All) 7.41: more amusing that way
(15:14 / All) okeydokey: lol
(15:16 / All) 7.41: to "punish me"
(15:17 / All) okeydokey: ok
(15:18 / All) 7.41: by "wasting my time"
(15:21 / All) 7.41: right?
(15:22 / All) 7.41: lol
(15:43 / All) 7.41: LOL
(16:24 / All) 7.41: lol more gryphons
(16:26 / All) 7.41: god youre awful
(17:48 / All) 7.41: what are you achieving by staying
(17:50 / All) 7.41: im curious :)
(19:00 / All) 7.41: lol cant do shit to him
(20:55 / All) 7.41: lalalala
(21:03 / All) 7.41: Free fountain :))
(21:59 / All) 7.41: dragonhawks yet?
(22:36 / All) 7.41: lol
(23:06 / All) okeydokey: goodbye
(23:08 / All) 7.41: lol
(23:09 / All) 7.41: ragequit
(23:10 / All) 7.41: incoming
(23:14 / All) 7.41: rage
(23:15 / All) 7.41: rage
(23:15 / All) 7.41: rage
(23:17 / All) 7.41: rage out
(23:36 / All) okeydokey: i have a real life
(23:45 / All) 7.41: face saving
(23:45 / All) 7.41: lol
(23:53 / All) okeydokey: that's why i suck at warcraft
(23:56 / All) 7.41: right
(23:57 / All) 7.41: because
(23:59 / All) 7.41: anyone who beats you
(24:02 / All) 7.41: MUST HAVE NO LIFE
(24:04 / All) 7.41: ONLY EXPLANATION
(24:09 / All) 7.41: GRRRR RAGE ASSUMPTIONS
(24:17 / All) 7.41: yet youre so mad that youre still here :)
(24:22 / All) okeydokey: but you play all the time like the little nerd you are
(24:27 / All) 7.41: OF COURSE
(24:31 / All) okeydokey: lol
(24:34 / All) 7.41: or
(24:35 / All) 7.41: wait
(24:36 / All) 7.41: mayb
(24:37 / All) 7.41: maybe
(24:38 / All) 7.41: maybe
(24:39 / All) 7.41: just maybe
(24:44 / All) 7.41: im just better than you
(24:50 / All) okeydokey: have a shitty life dumb nerd
(24:51 / All) 7.41: NAHHHH
(24:53 / All) 7.41: RAGEQUIT
(24:55 / All) 7.41: INCOMING
(25:01 / All) 7.41: GRRRRR ALT QQ
(25:06 / All) okeydokey: keep wasting it on warcraft
(25:09 / All) okeydokey: lol
(25:12 / All) 7.41: uninstall